[ AOE2 MATCH · #505329987 ]
UnrankedJurchens vs Franks
[ REPLAY ANALYSIS · EXTRACTED FROM THE RECORDED GAME ]
Feudal
10:55
Castle
14:51
Imperial
28:29
| APM avg | 86.6 |
| APM peak | 228 |
| eAPM avg | 56.7 |
| Villagers / military | 177 / 45 |
Focus
⚔️ 64.6% · 🌾 35.4%
Trade Cart ×100 · Unknown (1911) ×100 · Iron Pagoda ×30 · Trebuchet (Packed) ×14 · Bombard Cannon ×1
Feudal
9:54
Castle
13:38
Imperial
28:29
| APM avg | 42.7 |
| APM peak | 103 |
| eAPM avg | 21.4 |
| Villagers / military | 131 / 213 |
Focus
⚔️ 32.4% · 🌾 67.6%
Knight ×160 · Throwing Axeman ×43 · Bombard Cannon ×9 · Monk ×1
Feudal
10:17
Castle
14:55
Imperial
28:16
| APM avg | 23.9 |
| APM peak | 74 |
| eAPM avg | 13.8 |
| Villagers / military | 113 / 136 |
Focus
⚔️ 31.2% · 🌾 68.8%
Spearman ×77 · Ballista Elephant ×40 · Battle Elephant ×17 · Trade Cart ×2 · Monk ×1 · Trebuchet (Packed) ×1
Feudal
11:00
Castle
15:22
Imperial
41:36
| APM avg | 38.9 |
| APM peak | 89 |
| eAPM avg | 24.7 |
| Villagers / military | 223 / 103 |
Focus
⚔️ 24.9% · 🌾 75.1%
Spearman ×53 · Fire Lancer ×25 · Bombard Cannon ×15 · Monk ×4 · Iron Pagoda ×4 · Battering Ram ×2
Feudal
7:58
Castle
16:38
Imperial
39:50
| APM avg | 49.4 |
| APM peak | 99 |
| eAPM avg | 31.2 |
| Villagers / military | 144 / 181 |
Focus
⚔️ 27.8% · 🌾 72.2%
Scout Cavalry ×58 · Archer ×54 · Battle Elephant ×52 · Knight ×9 · Battering Ram ×4 · Scorpion ×3
Feudal
12:05
Castle
15:39
Imperial
28:22
| APM avg | 69.7 |
| APM peak | 209 |
| eAPM avg | 51.0 |
| Villagers / military | 196 / 331 |
Focus
⚔️ 70.5% · 🌾 29.5%
Chu Ko Nu ×247 · Scout Cavalry ×46 · Knight ×21 · Trade Cart ×14 · Monk ×7 · Trebuchet (Packed) ×6
Feudal
11:21
Castle
15:16
Imperial
29:32
| APM avg | 38.2 |
| APM peak | 68 |
| eAPM avg | 23.1 |
| Villagers / military | 174 / 261 |
Focus
⚔️ 38.4% · 🌾 61.6%
Spearman ×122 · Knight ×63 · Mangonel ×34 · Bombard Cannon ×26 · Scorpion ×9 · Trebuchet (Packed) ×5
Feudal
10:42
Castle
14:34
Imperial
27:44
| APM avg | 17.9 |
| APM peak | 56 |
| eAPM avg | 13.5 |
| Villagers / military | 103 / 185 |
Focus
⚔️ 38.2% · 🌾 61.8%
Knight ×185 · Trade Cart ×30
Match map
Initial resources + every placement click. Lines = walls · curves = elevation contours. ◆ gold · ⬟ stone · ● berries · ✦ relic · ◌ wall gap
Your base· ✓ Closed at 14:51 · 14t walls · 3 gate(s)
Fuck*n Good's base· ✓ Closed at 13:38 · 0t walls · 3 gate(s)
ValleyMage's base· ✓ Closed at 14:55 · 0t walls · 2 gate(s)
WALLUP | debrijja's base· ✓ Closed at 15:22 · 0t walls · 2 gate(s)
Tattletale Strangler's base· ✓ Closed at 16:38 · 0t walls · 3 gate(s)
TeKarino's base· ✓ Closed at 15:39 · 6t walls · 5 gate(s)
jelle.neyt's base· ✓ Closed at 15:16 · 0t walls · 2 gate(s)
JJ23's base· ✓ Closed at 14:34 · 0t walls · 2 gate(s)
Smoothed initial terrain · ◌ = detected wall gap · hover for details
Inputs per minute
— VIT | Hera - - Fuck*n Good
Build order — VIT | Hera
First 150 of 482 actions detected
| 0:00 | Create | Villager (Male) |
| 0:00 | Create | Villager (Male) |
| 0:01 | Create | Villager (Male) |
| 0:02 | Build | House |
| 0:02 | Build | House |
| 0:15 | Create | Villager (Male) |
| 1:26 | Create | Villager (Male) |
| 1:46 | Build | Lumber Camp |
| 1:53 | Create | Villager (Male) |
| 2:05 | Create | Villager (Male) |
| 2:39 | Create | Villager (Male) |
| 2:39 | Create | Villager (Male) |
| 3:05 | Create | Villager (Male) |
| 3:20 | Create | Villager (Male) |
| 3:39 | Build | House |
| 3:39 | Build | House |
| 4:03 | Create | Villager (Male) |
| 4:03 | Create | Villager (Male) |
| 4:14 | Build | Palisade Gate |
| 4:16 | Build | Palisade Wall |
| 4:16 | Build | Palisade Wall |
| 4:22 | Create | Villager (Male) |
| 4:23 | Create | Villager (Male) |
| 4:32 | Build | Palisade Wall |
| 4:45 | Build | Palisade Wall |
| 4:58 | Create | Villager (Male) |
| 5:14 | Create | Villager (Male) |
| 5:35 | Build | Mill |
| 5:48 | Create | Villager (Male) |
| 5:48 | Create | Villager (Male) |
| 6:29 | Create | Villager (Male) |
| 6:35 | Create | Villager (Male) |
| 6:35 | Create | Villager (Male) |
| 7:07 | Create | Villager (Male) |
| 7:41 | Create | Villager (Male) |
| 8:11 | Build | House |
| 8:22 | Create | Villager (Male) |
| 8:35 | Build | Mining Camp |
| 8:38 | Research | Feudal Age |
| 10:49 | Create | Villager (Male) |
| 10:55 | Age | Feudal Age |
| 10:57 | Build | Market |
| 11:00 | Build | Blacksmith |
| 11:12 | Create | Villager (Male) |
| 11:29 | Research | Double-Bit Axe |
| 11:29 | Research | Double-Bit Axe |
| 11:37 | Create | Villager (Male) |
| 12:08 | Research | Castle Age |
| 12:09 | Research | Horse Collar |
| 12:33 | Build | Farm |
| 13:00 | Build | Farm |
| 13:39 | Build | House |
| 13:40 | Build | House |
| 13:42 | Build | House |
| 13:43 | Build | Palisade Wall |
| 14:21 | Build | Farm |
| 14:36 | Create | Villager (Male) |
| 14:37 | Create | Villager (Male) |
| 14:45 | Build | Farm |
| 14:51 | Age | Castle Age |
| 14:53 | Build | Town Center |
| 14:55 | Build | Town Center |
| 15:03 | Research | Bow Saw |
| 15:04 | Research | Heavy Plow |
| 15:13 | Build | Farm |
| 15:16 | Build | Farm |
| 15:21 | Build | Farm |
| 15:32 | Create | Villager (Male) |
| 15:43 | Build | Farm |
| 15:55 | Create | Villager (Male) |
| 15:55 | Create | Villager (Male) |
| 15:59 | Build | Farm |
| 16:00 | Build | Farm |
| 16:00 | Create | Villager (Male) |
| 16:08 | Create | Villager (Male) |
| 16:08 | Create | Villager (Male) |
| 16:09 | Build | Farm |
| 16:20 | Create | Villager (Male) |
| 16:20 | Create | Villager (Male) |
| 16:27 | Build | Farm |
| 16:29 | Create | Villager (Male) |
| 16:31 | Build | Farm |
| 16:40 | Build | Farm |
| 16:49 | Build | Farm |
| 16:51 | Create | Villager (Male) |
| 16:55 | Build | Farm |
| 17:02 | Create | Villager (Male) |
| 17:03 | Build | House |
| 17:07 | Build | House |
| 17:16 | Create | Villager (Male) |
| 17:17 | Build | Farm |
| 17:18 | Build | Farm |
| 17:21 | Create | Villager (Male) |
| 17:31 | Build | Farm |
| 17:32 | Create | Villager (Male) |
| 17:36 | Build | Farm |
| 17:43 | Create | Villager (Male) |
| 17:51 | Create | Villager (Male) |
| 17:51 | Create | Villager (Male) |
| 17:51 | Create | Villager (Male) |
| 17:57 | Build | House |
| 17:58 | Build | House |
| 17:58 | Create | Villager (Male) |
| 18:06 | Build | Farm |
| 18:07 | Build | Farm |
| 18:10 | Create | Villager (Male) |
| 18:10 | Create | Villager (Male) |
| 18:15 | Build | Farm |
| 18:23 | Build | Farm |
| 18:27 | Build | Farm |
| 18:28 | Create | Villager (Male) |
| 18:28 | Create | Villager (Male) |
| 18:29 | Create | Villager (Male) |
| 18:41 | Build | Farm |
| 18:41 | Build | Farm |
| 18:49 | Create | Villager (Male) |
| 18:49 | Create | Villager (Male) |
| 18:51 | Build | House |
| 18:52 | Build | House |
| 18:55 | Build | House |
| 18:57 | Create | Villager (Male) |
| 18:57 | Create | Villager (Male) |
| 19:02 | Build | House |
| 19:02 | Build | House |
| 19:03 | Create | Villager (Male) |
| 19:18 | Build | Mining Camp |
| 19:23 | Create | Villager (Male) |
| 19:24 | Create | Villager (Male) |
| 19:37 | Build | Town Center |
| 19:46 | Research | Wheelbarrow |
| 19:47 | Create | Villager (Male) |
| 19:47 | Create | Villager (Male) |
| 19:50 | Build | House |
| 19:50 | Build | House |
| 19:53 | Build | House |
| 20:00 | Build | Farm |
| 20:02 | Build | Farm |
| 20:09 | Build | Farm |
| 20:12 | Build | Farm |
| 20:14 | Build | Farm |
| 20:15 | Create | Villager (Male) |
| 20:17 | Create | Villager (Male) |
| 20:17 | Create | Villager (Male) |
| 20:20 | Build | Farm |
| 20:22 | Create | Villager (Male) |
| 20:23 | Create | Villager (Male) |
| 20:25 | Build | Farm |
| 20:35 | Build | Farm |
| 20:37 | Create | Villager (Male) |
| 20:37 | Create | Villager (Male) |
Build order — Fuck*n Good
First 150 of 498 actions detected
| 0:00 | Create | Villager (Male) |
| 0:01 | Create | Villager (Male) |
| 0:01 | Create | Villager (Male) |
| 0:02 | Build | House |
| 0:04 | Build | House |
| 0:47 | Create | Villager (Male) |
| 0:48 | Create | Villager (Male) |
| 1:37 | Create | Villager (Male) |
| 1:38 | Create | Villager (Male) |
| 2:00 | Build | Lumber Camp |
| 2:03 | Create | Villager (Male) |
| 2:23 | Create | Villager (Male) |
| 2:24 | Create | Villager (Male) |
| 2:52 | Create | Villager (Male) |
| 2:52 | Create | Villager (Male) |
| 3:00 | Build | House |
| 3:05 | Create | Villager (Male) |
| 3:53 | Create | Villager (Male) |
| 3:53 | Create | Villager (Male) |
| 4:03 | Build | Mill |
| 4:45 | Create | Villager (Male) |
| 4:45 | Create | Villager (Male) |
| 4:46 | Create | Villager (Male) |
| 5:20 | Build | House |
| 5:37 | Create | Villager (Male) |
| 5:38 | Create | Villager (Male) |
| 5:55 | Create | Villager (Male) |
| 6:20 | Create | Villager (Male) |
| 6:31 | Build | Mining Camp |
| 6:46 | Research | Loom |
| 7:19 | Create | Villager (Male) |
| 7:43 | Research | Feudal Age |
| 7:43 | Research | Feudal Age |
| 7:54 | Build | Farm |
| 8:32 | Create | Villager (Male) |
| 8:33 | Create | Villager (Male) |
| 9:54 | Age | Feudal Age |
| 9:57 | Build | Market |
| 10:02 | Build | Blacksmith |
| 10:58 | Research | Castle Age |
| 12:02 | Research | Double-Bit Axe |
| 12:12 | Build | Farm |
| 12:27 | Build | Mining Camp |
| 12:38 | Build | House |
| 12:39 | Build | House |
| 13:10 | Create | Villager (Male) |
| 13:35 | Create | Villager (Male) |
| 13:38 | Age | Castle Age |
| 13:56 | Build | Town Center |
| 14:20 | Create | Villager (Male) |
| 14:30 | Build | Farm |
| 14:47 | Create | Villager (Male) |
| 15:00 | Create | Villager (Male) |
| 15:01 | Create | Villager (Male) |
| 15:15 | Build | Farm |
| 15:19 | Create | Villager (Male) |
| 15:20 | Create | Villager (Male) |
| 15:28 | Build | Farm |
| 15:51 | Create | Villager (Male) |
| 16:02 | Build | Farm |
| 16:05 | Build | Farm |
| 16:22 | Build | Castle |
| 16:25 | Create | Villager (Male) |
| 16:33 | Build | Farm |
| 16:38 | Build | Farm |
| 16:58 | Create | Villager (Male) |
| 17:00 | Create | Villager (Male) |
| 17:05 | Build | Farm |
| 17:16 | Build | Farm |
| 17:29 | Create | Villager (Male) |
| 17:29 | Create | Villager (Male) |
| 17:56 | Create | Villager (Male) |
| 17:56 | Create | Villager (Male) |
| 18:03 | Build | Farm |
| 18:04 | Create | Villager (Male) |
| 18:05 | Create | Villager (Male) |
| 18:20 | Build | Farm |
| 18:20 | Build | Farm |
| 18:24 | Create | Villager (Male) |
| 18:24 | Create | Villager (Male) |
| 18:32 | Build | House |
| 18:33 | Build | House |
| 18:34 | Build | House |
| 18:37 | Create | Villager (Male) |
| 18:49 | Build | House |
| 18:57 | Create | Villager (Male) |
| 19:04 | Create | Villager (Male) |
| 19:05 | Create | Villager (Male) |
| 19:11 | Build | Mining Camp |
| 19:21 | Create | Villager (Male) |
| 19:27 | Build | Farm |
| 19:42 | Create | Villager (Male) |
| 20:03 | Build | Town Center |
| 20:12 | Create | Villager (Male) |
| 20:12 | Create | Villager (Male) |
| 20:25 | Create | Villager (Male) |
| 20:36 | Create | Villager (Male) |
| 20:45 | Research | Wheelbarrow |
| 20:51 | Build | Farm |
| 21:00 | Create | Villager (Male) |
| 21:05 | Create | Villager (Male) |
| 21:06 | Create | Villager (Male) |
| 21:21 | Build | Monastery |
| 21:24 | Create | Villager (Male) |
| 21:25 | Create | Villager (Male) |
| 21:46 | Create | Villager (Male) |
| 21:48 | Create | Villager (Male) |
| 21:48 | Create | Villager (Male) |
| 22:08 | Create | Monk |
| 22:18 | Create | Villager (Male) |
| 22:19 | Create | Villager (Male) |
| 22:46 | Build | House |
| 22:47 | Build | House |
| 22:48 | Build | House |
| 22:49 | Build | House |
| 22:50 | Build | House |
| 22:52 | Create | Villager (Male) |
| 22:52 | Create | Villager (Male) |
| 22:53 | Create | Villager (Male) |
| 23:11 | Create | Villager (Male) |
| 23:12 | Create | Villager (Male) |
| 23:31 | Build | Farm |
| 23:31 | Build | Farm |
| 23:31 | Build | Farm |
| 23:31 | Build | Farm |
| 23:32 | Build | Farm |
| 23:34 | Create | Villager (Male) |
| 23:35 | Create | Villager (Male) |
| 23:36 | Research | Hand Cart |
| 23:58 | Create | Villager (Male) |
| 23:59 | Create | Villager (Male) |
| 24:08 | Build | Lumber Camp |
| 24:20 | Create | Villager (Male) |
| 24:28 | Build | University |
| 24:32 | Create | Villager (Male) |
| 24:33 | Research | Town Watch |
| 24:35 | Create | Villager (Male) |
| 25:19 | Research | Imperial Age |
| 25:19 | Research | Imperial Age |
| 25:21 | Create | Villager (Male) |
| 25:22 | Create | Villager (Male) |
| 25:25 | Build | House |
| 25:25 | Build | House |
| 25:26 | Build | House |
| 25:26 | Build | House |
| 25:26 | Build | House |
| 25:27 | Build | House |
| 25:28 | Create | Villager (Male) |
| 25:28 | Create | Villager (Male) |
| 25:29 | Create | Villager (Male) |
Build order — ValleyMage
First 150 of 330 actions detected
| 0:00 | Create | Villager (Male) |
| 0:00 | Create | Villager (Male) |
| 0:00 | Create | Villager (Male) |
| 0:01 | Create | Villager (Male) |
| 0:03 | Build | House |
| 0:04 | Build | House |
| 1:33 | Create | Villager (Male) |
| 1:53 | Create | Villager (Male) |
| 2:26 | Create | Villager (Male) |
| 2:55 | Create | Villager (Male) |
| 2:55 | Create | Villager (Male) |
| 3:31 | Create | Villager (Male) |
| 3:43 | Create | Villager (Male) |
| 3:52 | Create | Villager (Male) |
| 4:06 | Build | House |
| 4:09 | Build | Lumber Camp |
| 4:13 | Create | Villager (Male) |
| 4:39 | Create | Villager (Male) |
| 4:44 | Create | Villager (Male) |
| 6:27 | Create | Villager (Male) |
| 6:47 | Create | Villager (Male) |
| 6:55 | Build | House |
| 7:12 | Create | Villager (Male) |
| 7:59 | Research | Feudal Age |
| 8:20 | Build | Farm |
| 8:22 | Build | Farm |
| 8:24 | Build | Farm |
| 8:30 | Build | Farm |
| 8:36 | Build | Farm |
| 8:41 | Build | Farm |
| 10:01 | Build | Farm |
| 10:15 | Create | Villager (Male) |
| 10:17 | Age | Feudal Age |
| 10:29 | Build | Farm |
| 10:39 | Build | Farm |
| 10:42 | Create | Villager (Male) |
| 10:56 | Create | Villager (Male) |
| 11:29 | Create | Villager (Male) |
| 12:15 | Research | Castle Age |
| 12:33 | Build | Mining Camp |
| 13:14 | Research | Double-Bit Axe |
| 14:16 | Build | House |
| 14:39 | Create | Villager (Male) |
| 14:55 | Age | Castle Age |
| 15:05 | Build | Town Center |
| 15:17 | Build | Town Center |
| 15:20 | Create | Villager (Male) |
| 15:27 | Create | Villager (Male) |
| 15:32 | Research | Bow Saw |
| 15:51 | Create | Villager (Male) |
| 15:56 | Research | Wheelbarrow |
| 16:15 | Create | Villager (Male) |
| 16:30 | Create | Villager (Male) |
| 16:39 | Create | Villager (Male) |
| 16:39 | Create | Villager (Male) |
| 16:44 | Build | Mining Camp |
| 16:48 | Create | Villager (Male) |
| 16:55 | Create | Villager (Male) |
| 17:03 | Build | Farm |
| 17:32 | Create | Villager (Male) |
| 17:42 | Create | Villager (Male) |
| 17:45 | Build | Farm |
| 18:00 | Build | Mill |
| 18:08 | Build | Farm |
| 18:10 | Create | Villager (Male) |
| 18:19 | Create | Villager (Male) |
| 18:23 | Build | Farm |
| 18:35 | Create | Villager (Male) |
| 18:50 | Build | House |
| 18:51 | Build | House |
| 18:54 | Create | Villager (Male) |
| 18:58 | Build | Farm |
| 19:06 | Create | Villager (Male) |
| 19:23 | Build | Farm |
| 19:28 | Build | Farm |
| 19:31 | Build | Farm |
| 19:32 | Create | Villager (Male) |
| 19:39 | Research | Horse Collar |
| 19:43 | Build | Farm |
| 19:47 | Build | Farm |
| 19:52 | Build | Farm |
| 19:54 | Build | Farm |
| 19:56 | Build | Farm |
| 19:58 | Create | Villager (Male) |
| 19:59 | Build | Farm |
| 20:02 | Build | House |
| 20:13 | Create | Villager (Male) |
| 20:13 | Create | Villager (Male) |
| 20:21 | Build | Castle |
| 20:27 | Research | Gold Mining |
| 20:31 | Create | Villager (Male) |
| 20:38 | Create | Villager (Male) |
| 20:42 | Build | Farm |
| 20:48 | Build | Farm |
| 20:51 | Build | Farm |
| 20:55 | Create | Villager (Male) |
| 20:55 | Create | Villager (Male) |
| 20:56 | Create | Villager (Male) |
| 21:01 | Build | House |
| 21:03 | Create | Villager (Male) |
| 21:07 | Build | Farm |
| 21:12 | Create | Villager (Male) |
| 21:14 | Build | Farm |
| 21:15 | Create | Villager (Male) |
| 21:27 | Build | Farm |
| 21:28 | Create | Villager (Male) |
| 21:28 | Create | Villager (Male) |
| 21:29 | Create | Villager (Male) |
| 21:33 | Create | Villager (Male) |
| 21:35 | Build | Farm |
| 21:38 | Create | Villager (Male) |
| 21:43 | Create | Villager (Male) |
| 21:53 | Create | Villager (Male) |
| 21:54 | Create | Villager (Male) |
| 21:54 | Research | Loom |
| 21:59 | Build | House |
| 22:00 | Create | Villager (Male) |
| 22:04 | Build | Farm |
| 22:07 | Build | Farm |
| 22:09 | Create | Villager (Male) |
| 22:23 | Create | Villager (Male) |
| 22:30 | Build | Monastery |
| 22:33 | Build | House |
| 22:35 | Create | Ballista Elephant |
| 22:37 | Create | Villager (Male) |
| 22:38 | Create | Ballista Elephant |
| 22:48 | Create | Villager (Male) |
| 22:49 | Create | Villager (Male) |
| 22:51 | Build | Farm |
| 23:01 | Build | Mining Camp |
| 23:03 | Create | Villager (Male) |
| 23:13 | Create | Monk |
| 23:28 | Build | Stable |
| 23:31 | Create | Villager (Male) |
| 23:41 | Build | Blacksmith |
| 23:45 | Create | Villager (Male) |
| 23:46 | Create | Villager (Male) |
| 23:46 | Create | Villager (Male) |
| 23:56 | Create | Villager (Male) |
| 24:10 | Create | Villager (Male) |
| 24:11 | Create | Villager (Male) |
| 24:18 | Build | Market |
| 24:19 | Create | Villager (Male) |
| 24:20 | Create | Villager (Male) |
| 24:29 | Build | Farm |
| 24:33 | Create | Villager (Male) |
| 24:38 | Build | Mining Camp |
| 24:39 | Create | Villager (Male) |
| 24:43 | Build | Farm |
| 24:45 | Build | Farm |
Build order — WALLUP | debrijja
First 150 of 457 actions detected
| 0:00 | Create | Villager (Male) ×4 |
| 0:01 | Create | Villager (Male) ×4 |
| 0:02 | Build | House |
| 0:04 | Build | House |
| 1:24 | Create | Villager (Male) |
| 1:49 | Create | Villager (Male) |
| 1:59 | Build | Lumber Camp |
| 2:23 | Create | Villager (Male) |
| 2:52 | Create | Villager (Male) |
| 3:00 | Create | Villager (Male) |
| 3:32 | Create | Villager (Male) |
| 4:06 | Build | House |
| 4:13 | Create | Villager (Male) |
| 4:13 | Create | Villager (Male) |
| 4:13 | Create | Villager (Male) |
| 4:18 | Build | Mill |
| 4:57 | Create | Villager (Male) |
| 4:57 | Create | Villager (Male) |
| 5:23 | Build | House |
| 5:44 | Create | Villager (Male) |
| 5:45 | Create | Villager (Male) |
| 6:05 | Create | Villager (Male) |
| 6:24 | Build | House |
| 7:01 | Create | Villager (Male) |
| 7:35 | Create | Villager (Male) |
| 7:37 | Create | Villager (Male) |
| 8:25 | Create | Villager (Male) |
| 8:28 | Research | Feudal Age |
| 8:30 | Build | Mining Camp |
| 9:07 | Create | Villager (Male) |
| 9:07 | Create | Villager (Male) |
| 9:25 | Build | Farm |
| 9:26 | Build | Farm |
| 9:27 | Build | Farm |
| 9:30 | Build | Farm |
| 9:32 | Build | House |
| 10:14 | Build | Mining Camp |
| 11:00 | Age | Feudal Age |
| 11:08 | Build | Market |
| 11:12 | Build | Blacksmith |
| 11:38 | Build | Mill |
| 11:53 | Create | Villager (Male) |
| 12:05 | Build | Farm |
| 12:42 | Research | Castle Age |
| 12:43 | Research | Castle Age |
| 13:08 | Build | Farm |
| 13:55 | Build | House |
| 14:17 | Create | Villager (Male) |
| 15:22 | Age | Castle Age |
| 15:25 | Build | Town Center |
| 15:32 | Build | Town Center |
| 15:34 | Create | Villager (Male) |
| 15:43 | Build | Farm |
| 15:53 | Create | Villager (Male) |
| 15:53 | Create | Villager (Male) |
| 15:54 | Create | Villager (Male) |
| 16:01 | Research | Double-Bit Axe |
| 16:03 | Build | House |
| 16:07 | Build | Farm |
| 16:09 | Create | Villager (Male) |
| 16:23 | Create | Villager (Male) |
| 16:50 | Create | Villager (Male) |
| 16:58 | Research | Horse Collar |
| 16:59 | Create | Villager (Male) |
| 16:59 | Create | Villager (Male) |
| 17:00 | Create | Villager (Male) |
| 17:40 | Build | Farm |
| 17:41 | Create | Villager (Male) |
| 17:41 | Create | Villager (Male) |
| 17:50 | Create | Villager (Male) |
| 17:50 | Create | Villager (Male) |
| 17:50 | Create | Villager (Male) |
| 17:52 | Research | Bow Saw |
| 17:56 | Research | Heavy Plow |
| 18:07 | Build | Farm |
| 18:10 | Create | Villager (Male) |
| 18:20 | Build | House |
| 18:28 | Build | Farm |
| 18:29 | Create | Villager (Male) |
| 18:30 | Create | Villager (Male) |
| 18:40 | Build | Farm |
| 18:43 | Build | Farm |
| 18:44 | Create | Villager (Male) |
| 18:44 | Create | Villager (Male) |
| 18:57 | Create | Villager (Male) |
| 19:02 | Create | Villager (Male) |
| 19:06 | Build | Farm |
| 19:20 | Create | Villager (Male) |
| 19:22 | Build | Farm |
| 19:29 | Create | Villager (Male) |
| 19:30 | Create | Villager (Male) |
| 19:35 | Build | Palisade Gate |
| 19:43 | Create | Villager (Male) |
| 20:00 | Create | Villager (Male) |
| 20:00 | Create | Villager (Male) |
| 20:05 | Build | Farm |
| 20:06 | Build | Farm |
| 20:12 | Create | Villager (Male) |
| 20:12 | Create | Villager (Male) |
| 20:18 | Build | Farm |
| 20:18 | Build | Farm |
| 20:18 | Build | Farm |
| 20:19 | Build | Farm |
| 20:19 | Build | Farm |
| 20:19 | Build | Farm |
| 20:21 | Create | Villager (Male) |
| 20:30 | Create | Villager (Male) |
| 20:36 | Create | Villager (Male) |
| 20:36 | Create | Villager (Male) |
| 20:43 | Create | Villager (Male) |
| 20:44 | Create | Villager (Male) |
| 20:45 | Research | Loom |
| 20:48 | Build | Farm |
| 20:53 | Build | Farm |
| 20:53 | Build | Farm |
| 20:53 | Build | Farm |
| 20:53 | Build | Farm |
| 20:55 | Create | Villager (Male) |
| 20:57 | Build | Farm |
| 21:07 | Build | Mining Camp |
| 21:07 | Create | Villager (Male) |
| 21:15 | Build | Farm |
| 21:17 | Create | Villager (Male) |
| 21:17 | Create | Villager (Male) |
| 21:25 | Build | House |
| 21:32 | Research | Wheelbarrow |
| 21:33 | Research | Town Watch |
| 21:38 | Build | House |
| 21:38 | Build | House |
| 21:43 | Create | Villager (Male) |
| 21:43 | Create | Villager (Male) |
| 21:49 | Build | Farm |
| 21:50 | Create | Villager (Male) |
| 21:51 | Create | Villager (Male) |
| 22:09 | Build | Farm |
| 22:13 | Build | House |
| 22:27 | Build | Castle |
| 22:32 | Create | Villager (Male) |
| 22:32 | Create | Villager (Male) |
| 22:33 | Create | Villager (Male) |
| 22:35 | Build | House |
| 22:49 | Build | Monastery |
| 22:59 | Build | University |
| 23:01 | Create | Villager (Male) |
| 23:02 | Create | Villager (Male) |
| 23:08 | Build | House |
| 23:10 | Build | House |
| 23:14 | Create | Villager (Male) |
| 23:15 | Create | Villager (Male) |
| 23:15 | Create | Villager (Male) |
Build order — Tattletale Strangler
First 150 of 393 actions detected
| 0:00 | Create | Villager (Male) |
| 0:00 | Create | Villager (Male) |
| 0:02 | Build | House |
| 0:03 | Build | House |
| 0:03 | Create | Villager (Male) |
| 0:06 | Create | Villager (Male) |
| 1:26 | Create | Villager (Male) |
| 1:49 | Create | Villager (Male) |
| 2:11 | Create | Villager (Male) |
| 2:22 | Build | Lumber Camp |
| 2:38 | Create | Villager (Male) |
| 3:09 | Create | Villager (Male) |
| 3:26 | Build | House |
| 3:39 | Create | Villager (Male) |
| 3:39 | Create | Villager (Male) |
| 4:18 | Create | Villager (Male) |
| 4:19 | Create | Villager (Male) |
| 4:47 | Create | Villager (Male) |
| 4:48 | Create | Villager (Male) |
| 4:55 | Create | Villager (Male) |
| 5:04 | Build | Mill |
| 5:33 | Create | Villager (Male) |
| 6:12 | Create | Villager (Male) |
| 6:12 | Create | Villager (Male) |
| 6:38 | Research | Feudal Age |
| 7:03 | Build | House |
| 7:47 | Create | Villager (Male) |
| 7:47 | Create | Villager (Male) |
| 7:58 | Age | Feudal Age |
| 8:05 | Research | Double-Bit Axe |
| 8:05 | Research | Double-Bit Axe |
| 8:13 | Research | Horse Collar |
| 8:27 | Create | Villager (Male) |
| 8:35 | Build | Farm |
| 8:38 | Build | Farm |
| 8:39 | Research | Loom |
| 8:44 | Build | Farm |
| 8:46 | Build | Farm |
| 8:51 | Create | Villager (Male) |
| 8:51 | Create | Villager (Male) |
| 9:15 | Build | Farm |
| 9:28 | Create | Villager (Male) |
| 9:33 | Build | Farm |
| 9:34 | Build | Farm |
| 9:48 | Create | Villager (Male) |
| 9:53 | Build | Farm |
| 9:57 | Build | Farm |
| 10:00 | Build | Farm |
| 10:18 | Create | Villager (Male) |
| 10:22 | Research | Town Watch |
| 10:29 | Build | House |
| 10:30 | Create | Villager (Male) |
| 10:40 | Create | Villager (Male) |
| 10:50 | Build | Farm |
| 10:50 | Create | Villager (Male) |
| 10:53 | Build | Farm |
| 10:56 | Build | Farm |
| 11:20 | Create | Villager (Male) |
| 11:21 | Create | Villager (Male) |
| 11:23 | Create | Villager (Male) |
| 11:42 | Build | House |
| 12:02 | Create | Villager (Male) |
| 12:21 | Build | Mining Camp |
| 12:21 | Create | Villager (Male) |
| 12:42 | Create | Villager (Male) |
| 12:43 | Create | Villager (Male) |
| 12:43 | Create | Villager (Male) |
| 12:49 | Create | Villager (Male) |
| 12:53 | Create | Villager (Male) |
| 12:55 | Create | Villager (Male) |
| 13:14 | Create | Villager (Male) |
| 13:44 | Build | House |
| 13:59 | Build | Market |
| 14:01 | Build | Blacksmith |
| 14:13 | Create | Villager (Male) |
| 14:33 | Create | Villager (Male) |
| 15:02 | Research | Castle Age |
| 15:02 | Research | Castle Age |
| 15:10 | Build | Barracks |
| 15:19 | Create | Villager (Male) |
| 15:20 | Create | Villager (Male) |
| 15:23 | Create | Villager (Male) |
| 15:58 | Build | Stable |
| 16:01 | Build | Stable |
| 16:20 | Research | Gold Mining |
| 16:33 | Build | House |
| 16:35 | Build | House |
| 16:38 | Age | Castle Age |
| 16:41 | Create | Battle Elephant |
| 16:41 | Create | Battle Elephant |
| 16:58 | Build | Stable |
| 17:00 | Create | Battle Elephant |
| 17:03 | Create | Villager (Male) |
| 17:07 | Create | Battle Elephant |
| 17:26 | Create | Villager (Male) |
| 17:35 | Create | Battle Elephant ×2 |
| 17:44 | Create | Villager (Male) |
| 18:02 | Create | Battle Elephant ×2 |
| 18:02 | Create | Battle Elephant ×2 |
| 18:15 | Create | Villager (Male) |
| 18:26 | Build | Siege Workshop |
| 18:28 | Create | Villager (Male) |
| 18:33 | Build | Mining Camp |
| 18:37 | Create | Battle Elephant |
| 18:48 | Create | Battle Elephant ×2 |
| 18:52 | Build | House |
| 18:58 | Build | Lumber Camp |
| 19:01 | Create | Villager (Male) |
| 19:13 | Create | Battle Elephant |
| 19:13 | Create | Battle Elephant |
| 19:23 | Build | House |
| 19:27 | Create | Villager (Male) |
| 19:27 | Create | Villager (Male) |
| 19:57 | Create | Battering Ram |
| 20:03 | Create | Villager (Male) |
| 20:03 | Create | Villager (Male) |
| 20:07 | Build | Farm |
| 20:11 | Create | Battle Elephant |
| 20:23 | Build | Lumber Camp |
| 20:28 | Create | Battle Elephant ×2 |
| 20:28 | Create | Battle Elephant ×2 |
| 20:57 | Build | House |
| 20:58 | Build | House |
| 20:58 | Build | House |
| 20:58 | Build | House |
| 21:02 | Create | Militia |
| 21:12 | Research | Scale Barding Armor |
| 21:33 | Create | Battle Elephant |
| 21:45 | Build | Farm |
| 21:47 | Create | Battle Elephant |
| 22:21 | Create | Battle Elephant ×3 |
| 22:21 | Create | Battle Elephant ×3 |
| 22:25 | Build | House |
| 22:26 | Build | House |
| 22:39 | Create | Scorpion |
| 22:53 | Create | Battle Elephant |
| 23:17 | Build | House |
| 23:17 | Build | House |
| 23:18 | Build | House |
| 23:18 | Create | Villager (Male) |
| 23:39 | Research | Forging |
| 24:01 | Create | Villager (Male) |
| 24:01 | Create | Villager (Male) |
| 24:03 | Build | House |
| 24:03 | Build | House |
| 24:04 | Build | House |
| 24:09 | Build | Farm |
| 24:09 | Build | Farm |
| 24:09 | Build | Farm |
| 24:28 | Create | Villager (Male) |
Build order — TeKarino
First 150 of 834 actions detected
| 0:01 | Research | Loom |
| 0:52 | Create | Villager (Male) |
| 0:52 | Create | Villager (Male) |
| 1:18 | Create | Villager (Male) |
| 1:18 | Create | Villager (Male) |
| 1:59 | Create | Villager (Male) |
| 2:00 | Create | Villager (Male) |
| 2:17 | Create | Villager (Male) |
| 2:32 | Create | Villager (Male) |
| 2:32 | Create | Villager (Male) |
| 2:46 | Create | Villager (Male) |
| 2:46 | Create | Villager (Male) |
| 2:53 | Build | Lumber Camp |
| 3:25 | Create | Villager (Male) |
| 3:27 | Create | Villager (Male) |
| 3:50 | Build | House |
| 3:52 | Build | House |
| 4:05 | Create | Villager (Male) |
| 4:12 | Build | Palisade Gate |
| 4:28 | Build | Palisade Gate |
| 4:29 | Create | Villager (Male) |
| 4:41 | Create | Villager (Male) |
| 5:00 | Build | Palisade Wall |
| 5:05 | Build | Palisade Wall |
| 5:09 | Build | Palisade Gate |
| 5:14 | Create | Villager (Male) |
| 5:26 | Build | Palisade Wall |
| 5:27 | Build | Palisade Wall |
| 5:29 | Build | Palisade Wall |
| 5:32 | Build | Palisade Wall |
| 6:10 | Create | Villager (Male) |
| 6:11 | Create | Villager (Male) |
| 6:26 | Create | Villager (Male) |
| 6:45 | Create | Villager (Male) |
| 7:32 | Create | Villager (Male) |
| 7:35 | Build | House |
| 8:02 | Create | Villager (Male) |
| 8:22 | Build | Mill |
| 8:30 | Create | Villager (Male) |
| 9:00 | Create | Villager (Male) |
| 9:28 | Create | Villager (Male) |
| 9:45 | Research | Feudal Age |
| 9:45 | Research | Feudal Age |
| 10:13 | Build | Lumber Camp |
| 10:21 | Build | Lumber Camp |
| 10:36 | Build | Farm |
| 10:38 | Build | Farm |
| 10:42 | Build | Farm |
| 10:44 | Build | Farm |
| 10:56 | Build | Farm |
| 12:00 | Create | Villager (Male) |
| 12:01 | Create | Villager (Male) |
| 12:05 | Age | Feudal Age |
| 12:07 | Build | Watch Tower |
| 12:09 | Build | Market |
| 12:12 | Build | Blacksmith |
| 12:49 | Create | Villager (Male) |
| 12:58 | Research | Castle Age |
| 13:03 | Build | Mining Camp |
| 13:21 | Research | Double-Bit Axe |
| 13:21 | Research | Double-Bit Axe |
| 13:21 | Research | Horse Collar |
| 13:21 | Research | Horse Collar |
| 13:48 | Build | House |
| 14:12 | Build | Farm |
| 14:19 | Build | Farm |
| 14:22 | Research | Stone Mining |
| 14:27 | Create | Villager (Male) |
| 14:43 | Build | Farm |
| 15:39 | Age | Castle Age |
| 15:41 | Create | Villager (Male) |
| 15:44 | Build | Town Center |
| 15:48 | Build | Town Center |
| 15:52 | Build | Town Center |
| 15:53 | Create | Villager (Male) |
| 15:56 | Research | Bow Saw |
| 16:17 | Research | Heavy Plow |
| 16:29 | Research | Wheelbarrow |
| 16:29 | Research | Wheelbarrow |
| 16:31 | Create | Villager (Male) |
| 16:32 | Create | Villager (Male) |
| 16:47 | Create | Villager (Male) |
| 16:50 | Create | Villager (Male) |
| 16:57 | Build | House |
| 16:58 | Build | House |
| 16:59 | Create | Villager (Male) |
| 17:03 | Create | Villager (Male) |
| 17:04 | Create | Villager (Male) |
| 17:04 | Create | Villager (Male) |
| 17:06 | Create | Villager (Male) |
| 17:07 | Create | Villager (Male) |
| 17:08 | Create | Villager (Male) |
| 17:20 | Build | Farm |
| 17:24 | Create | Villager (Male) |
| 17:24 | Create | Villager (Male) |
| 17:29 | Build | Farm |
| 17:34 | Create | Villager (Male) |
| 17:36 | Build | Farm |
| 17:45 | Build | Farm |
| 17:47 | Build | Farm |
| 17:56 | Build | Farm |
| 18:01 | Create | Villager (Male) |
| 18:05 | Build | House |
| 18:06 | Build | House |
| 18:13 | Build | Farm |
| 18:14 | Create | Villager (Male) |
| 18:17 | Build | Farm |
| 18:25 | Create | Villager (Male) |
| 18:25 | Create | Villager (Male) |
| 18:38 | Create | Villager (Male) |
| 18:38 | Create | Villager (Male) |
| 18:44 | Create | Villager (Male) |
| 18:44 | Create | Villager (Male) |
| 18:51 | Build | Town Center |
| 18:52 | Create | Villager (Male) |
| 18:55 | Build | Farm |
| 19:01 | Create | Villager (Male) |
| 19:06 | Build | Farm |
| 19:11 | Build | Farm |
| 19:12 | Create | Villager (Male) |
| 19:12 | Create | Villager (Male) |
| 19:14 | Create | Villager (Male) |
| 19:14 | Create | Villager (Male) |
| 19:23 | Create | Villager (Male) |
| 19:23 | Create | Villager (Male) |
| 19:28 | Build | Farm |
| 19:33 | Build | House |
| 19:36 | Create | Villager (Male) |
| 19:36 | Create | Villager (Male) |
| 19:49 | Build | Town Center |
| 19:51 | Create | Villager (Male) |
| 19:51 | Create | Villager (Male) |
| 19:52 | Create | Villager (Male) |
| 19:52 | Create | Villager (Male) |
| 19:55 | Create | Villager (Male) |
| 19:55 | Create | Villager (Male) |
| 19:58 | Build | Farm |
| 20:02 | Create | Villager (Male) |
| 20:02 | Create | Villager (Male) |
| 20:02 | Create | Villager (Male) |
| 20:08 | Build | House |
| 20:09 | Build | House |
| 20:12 | Create | Villager (Male) |
| 20:12 | Create | Villager (Male) |
| 20:12 | Create | Villager (Male) |
| 20:18 | Build | Farm |
| 20:18 | Build | Farm |
| 20:19 | Build | Farm |
| 20:19 | Build | Farm |
| 20:19 | Build | Farm |
Build order — jelle.neyt
First 150 of 493 actions detected
| 0:01 | Create | Villager (Male) ×4 |
| 0:03 | Build | House |
| 0:04 | Build | House |
| 1:25 | Create | Villager (Male) |
| 1:25 | Create | Villager (Male) |
| 1:45 | Build | Lumber Camp |
| 1:53 | Create | Villager (Male) |
| 1:54 | Create | Villager (Male) |
| 2:11 | Create | Villager (Male) |
| 2:38 | Create | Villager (Male) |
| 2:39 | Create | Villager (Male) |
| 3:01 | Create | Villager (Male) |
| 3:02 | Create | Villager (Male) |
| 3:36 | Create | Villager (Male) |
| 3:36 | Create | Villager (Male) |
| 3:50 | Build | House |
| 3:56 | Create | Villager (Male) |
| 4:13 | Create | Villager (Male) |
| 4:20 | Build | Mill |
| 4:39 | Create | Villager (Male) |
| 4:39 | Create | Villager (Male) |
| 4:41 | Create | Villager (Male) |
| 4:41 | Create | Villager (Male) |
| 5:10 | Create | Villager (Male) |
| 5:33 | Create | Villager (Male) |
| 5:49 | Create | Villager (Male) |
| 5:49 | Create | Villager (Male) |
| 6:00 | Create | Villager (Male) ×2 |
| 6:00 | Create | Villager (Male) ×2 |
| 6:06 | Build | House |
| 6:29 | Create | Villager (Male) |
| 7:09 | Build | Mining Camp |
| 7:25 | Create | Villager (Male) |
| 7:29 | Build | House |
| 7:50 | Create | Villager (Male) |
| 7:56 | Build | House |
| 8:31 | Build | Farm |
| 8:37 | Research | Feudal Age |
| 9:23 | Create | Villager (Male) |
| 9:23 | Create | Villager (Male) |
| 10:03 | Build | Mill |
| 10:06 | Build | Farm |
| 11:21 | Age | Feudal Age |
| 11:30 | Build | Market |
| 11:35 | Build | Blacksmith |
| 11:45 | Build | Farm |
| 11:49 | Build | Farm |
| 11:52 | Research | Loom |
| 12:28 | Research | Castle Age |
| 12:42 | Research | Double-Bit Axe |
| 13:04 | Create | Villager (Male) |
| 13:10 | Build | Farm |
| 13:40 | Build | House |
| 14:10 | Build | Farm |
| 14:14 | Research | Horse Collar |
| 14:49 | Create | Villager (Male) |
| 15:16 | Age | Castle Age |
| 15:20 | Build | Town Center |
| 15:28 | Build | Town Center |
| 15:37 | Create | Villager (Male) |
| 15:41 | Research | Wheelbarrow |
| 15:43 | Create | Villager (Male) |
| 15:52 | Research | Bow Saw |
| 15:58 | Build | House |
| 16:00 | Build | House |
| 16:08 | Create | Villager (Male) |
| 16:13 | Build | House |
| 16:36 | Create | Villager (Male) |
| 16:41 | Build | Farm |
| 16:48 | Create | Villager (Male) |
| 16:49 | Create | Villager (Male) |
| 16:52 | Build | Farm |
| 17:16 | Build | Monastery |
| 17:28 | Create | Villager (Male) |
| 17:30 | Build | Farm |
| 17:30 | Create | Villager (Male) ×2 |
| 17:50 | Create | Villager (Male) |
| 17:54 | Build | Farm |
| 17:54 | Build | Farm |
| 17:54 | Build | Farm |
| 17:55 | Build | Farm |
| 17:55 | Build | Farm |
| 18:03 | Create | Villager (Male) |
| 18:03 | Create | Villager (Male) |
| 18:08 | Create | Monk |
| 18:09 | Create | Monk |
| 18:15 | Build | Farm |
| 18:15 | Create | Villager (Male) |
| 18:24 | Build | Farm |
| 18:24 | Build | Farm |
| 18:25 | Build | Farm |
| 18:32 | Create | Villager (Male) |
| 18:49 | Build | Mining Camp |
| 18:51 | Create | Villager (Male) |
| 19:24 | Create | Villager (Male) |
| 19:27 | Create | Villager (Male) ×5 |
| 19:27 | Create | Villager (Male) ×5 |
| 20:02 | Create | Villager (Male) |
| 20:03 | Create | Villager (Male) |
| 20:06 | Research | Gold Mining |
| 20:18 | Create | Villager (Male) |
| 20:36 | Build | Farm |
| 20:37 | Create | Villager (Male) ×4 |
| 20:37 | Create | Villager (Male) ×4 |
| 20:44 | Create | Villager (Male) |
| 20:47 | Build | Mill |
| 20:47 | Build | Farm |
| 20:48 | Build | Farm |
| 20:48 | Build | Farm |
| 20:48 | Build | Farm |
| 20:48 | Build | Farm |
| 20:48 | Build | Farm |
| 20:55 | Create | Villager (Male) |
| 20:59 | Build | House |
| 21:02 | Build | House |
| 21:04 | Build | House |
| 21:07 | Build | House |
| 21:11 | Build | House |
| 21:13 | Create | Villager (Male) |
| 21:14 | Create | Villager (Male) |
| 21:14 | Create | Villager (Male) |
| 21:19 | Build | Mill |
| 21:20 | Build | Farm |
| 21:20 | Build | Farm |
| 21:20 | Build | Farm |
| 21:20 | Build | Farm |
| 21:20 | Build | Farm |
| 21:21 | Build | Farm |
| 21:27 | Build | University |
| 21:29 | Create | Villager (Male) |
| 22:00 | Create | Villager (Male) ×5 |
| 22:00 | Create | Villager (Male) ×5 |
| 22:05 | Build | House |
| 22:06 | Build | House |
| 22:07 | Create | Villager (Male) |
| 22:13 | Create | Villager (Male) |
| 22:28 | Build | Town Center |
| 22:30 | Create | Villager (Male) |
| 22:32 | Create | Villager (Male) |
| 22:33 | Create | Villager (Male) ×2 |
| 22:33 | Create | Villager (Male) ×2 |
| 22:36 | Build | House |
| 22:37 | Build | House |
| 22:38 | Build | House |
| 22:39 | Build | House |
| 22:46 | Build | House |
| 22:52 | Build | Farm |
| 22:54 | Build | Farm |
| 22:57 | Build | Farm |
| 23:01 | Build | Farm |
Build order — JJ23
First 150 of 461 actions detected
| 0:01 | Create | Villager (Male) |
| 0:01 | Create | Villager (Male) |
| 0:02 | Create | Villager (Male) |
| 0:02 | Create | Villager (Male) |
| 0:03 | Build | House |
| 0:06 | Build | House |
| 0:38 | Create | Villager (Male) |
| 1:24 | Create | Villager (Male) |
| 1:43 | Build | Lumber Camp |
| 1:48 | Create | Villager (Male) |
| 2:33 | Create | Villager (Male) |
| 3:15 | Build | House |
| 3:16 | Create | Villager (Male) |
| 3:16 | Create | Villager (Male) |
| 3:52 | Build | Mill |
| 4:02 | Create | Villager (Male) |
| 4:04 | Create | Villager (Male) |
| 4:59 | Build | House |
| 5:03 | Create | Villager (Male) |
| 5:04 | Create | Villager (Male) |
| 5:04 | Create | Villager (Male) |
| 5:27 | Build | Mill |
| 6:09 | Create | Villager (Male) |
| 6:27 | Create | Villager (Male) |
| 6:58 | Create | Villager (Male) |
| 7:16 | Build | House |
| 7:25 | Create | Villager (Male) |
| 7:46 | Create | Villager (Male) |
| 7:47 | Create | Villager (Male) |
| 8:39 | Research | Feudal Age |
| 8:45 | Build | Mining Camp |
| 9:40 | Create | Villager (Male) |
| 9:40 | Create | Villager (Male) |
| 10:30 | Build | Farm |
| 10:42 | Age | Feudal Age |
| 10:47 | Build | Market |
| 10:55 | Build | Blacksmith |
| 12:08 | Research | Castle Age |
| 12:14 | Build | Farm |
| 12:33 | Build | Farm |
| 12:52 | Build | House |
| 12:54 | Build | House |
| 13:07 | Build | Farm |
| 13:07 | Build | Farm |
| 13:26 | Build | Farm |
| 13:43 | Research | Double-Bit Axe |
| 14:21 | Create | Villager (Male) |
| 14:21 | Create | Villager (Male) |
| 14:34 | Age | Castle Age |
| 14:41 | Build | Town Center |
| 15:04 | Research | Bow Saw |
| 15:05 | Research | Horse Collar |
| 15:16 | Create | Villager (Male) |
| 15:22 | Build | Farm |
| 15:28 | Create | Villager (Male) |
| 15:51 | Create | Villager (Male) |
| 16:15 | Build | Town Center |
| 16:16 | Create | Villager (Male) |
| 16:17 | Create | Villager (Male) |
| 16:18 | Create | Villager (Male) |
| 16:27 | Build | Farm |
| 16:41 | Build | Farm |
| 16:42 | Create | Villager (Male) |
| 16:43 | Create | Villager (Male) |
| 16:49 | Research | Heavy Plow |
| 17:04 | Build | Farm |
| 17:05 | Create | Villager (Male) |
| 17:20 | Create | Villager (Male) |
| 17:25 | Build | Farm |
| 17:26 | Create | Villager (Male) |
| 17:38 | Build | Farm |
| 17:38 | Build | Farm |
| 17:38 | Build | Farm |
| 17:39 | Build | Farm |
| 17:51 | Create | Villager (Male) |
| 17:58 | Build | Farm |
| 18:01 | Build | Farm |
| 18:02 | Create | Villager (Male) |
| 18:17 | Build | Farm |
| 18:18 | Create | Villager (Male) |
| 18:25 | Create | Villager (Male) |
| 18:31 | Build | Farm |
| 18:35 | Create | Villager (Male) |
| 18:45 | Create | Villager (Male) |
| 18:52 | Build | Farm |
| 18:53 | Create | Villager (Male) |
| 18:56 | Create | Villager (Male) |
| 19:02 | Build | Farm |
| 19:08 | Create | Villager (Male) |
| 19:15 | Build | House |
| 19:16 | Build | House |
| 19:17 | Build | House |
| 19:22 | Build | Farm |
| 19:23 | Create | Villager (Male) |
| 19:24 | Create | Villager (Male) |
| 19:27 | Build | Farm |
| 19:38 | Build | Farm |
| 19:38 | Build | Farm |
| 19:42 | Research | Wheelbarrow |
| 19:50 | Build | Farm |
| 19:52 | Create | Villager (Male) |
| 19:53 | Create | Villager (Male) |
| 20:18 | Create | Villager (Male) |
| 20:18 | Create | Villager (Male) |
| 20:20 | Create | Villager (Male) |
| 20:33 | Create | Villager (Male) |
| 20:37 | Create | Villager (Male) |
| 20:47 | Build | Farm |
| 20:47 | Build | Farm |
| 20:48 | Build | Farm |
| 20:48 | Build | Farm |
| 20:48 | Build | Farm |
| 20:49 | Build | Farm |
| 20:49 | Build | Farm |
| 20:58 | Build | House |
| 21:00 | Build | House |
| 21:03 | Build | House |
| 21:09 | Build | Barracks |
| 21:10 | Create | Villager (Male) |
| 21:17 | Build | Farm |
| 21:17 | Build | Farm |
| 21:18 | Build | Farm |
| 21:18 | Build | Farm |
| 21:18 | Build | Farm |
| 21:20 | Create | Villager (Male) |
| 21:28 | Create | Villager (Male) |
| 21:31 | Build | Farm |
| 21:35 | Create | Villager (Male) |
| 21:36 | Create | Villager (Male) |
| 21:41 | Create | Villager (Male) |
| 21:52 | Research | Hand Cart |
| 22:05 | Create | Villager (Male) |
| 22:07 | Create | Villager (Male) |
| 22:16 | Create | Villager (Male) |
| 22:24 | Research | Gold Mining |
| 22:25 | Create | Villager (Male) |
| 22:43 | Create | Villager (Male) |
| 22:44 | Create | Villager (Male) |
| 22:45 | Create | Villager (Male) |
| 22:50 | Create | Villager (Male) |
| 23:03 | Create | Villager (Male) |
| 23:15 | Create | Villager (Male) |
| 23:19 | Create | Villager (Male) |
| 23:31 | Create | Villager (Male) |
| 23:33 | Create | Villager (Male) |
| 23:40 | Build | House |
| 23:41 | Build | House |
| 23:47 | Build | Monastery |
| 23:54 | Build | University |
| 23:57 | Create | Villager (Male) |
Match timeline
| 4:16 | VIT | Hera · wall_segment Palisade Wall x1 |
| 4:16 | VIT | Hera · wall_segment Palisade Wall x1 |
| 4:32 | VIT | Hera · wall_segment Palisade Wall x5 |
| 4:45 | VIT | Hera · wall_segment Palisade Wall x6 |
| 5:00 | TeKarino · wall_segment Palisade Wall x1 |
| 5:05 | TeKarino · wall_segment Palisade Wall x1 |
| 5:26 | TeKarino · wall_segment Palisade Wall x1 |
| 5:27 | TeKarino · wall_segment Palisade Wall x1 |
| 5:29 | TeKarino · wall_segment Palisade Wall x1 |
| 5:32 | TeKarino · wall_segment Palisade Wall x1 |
| 7:58 | Tattletale Strangler · age_up feudal |
| 9:54 | Fuck*n Good · age_up feudal |
| 10:17 | ValleyMage · age_up feudal |
| 10:42 | JJ23 · age_up feudal |
| 10:55 | VIT | Hera · age_up feudal |
| 11:00 | WALLUP | debrijja · age_up feudal |
| 11:21 | jelle.neyt · age_up feudal |
| 12:05 | TeKarino · age_up feudal |
| 12:18 | WALLUP | debrijja · first_market_sell 100 wood |
| 12:20 | WALLUP | debrijja · first_market_buy 100 food |
| 12:26 | jelle.neyt · first_market_buy 100 food |
| 12:56 | TeKarino · first_market_sell 100 stone |
| 13:38 | Fuck*n Good · age_up castle |
| 13:43 | VIT | Hera · wall_segment Palisade Wall x1 |
| 14:28 | JJ23 · first_market_buy 100 wood |
| 14:34 | JJ23 · age_up castle |
| 14:51 | VIT | Hera · age_up castle |
| 14:55 | ValleyMage · age_up castle |
| 15:07 | VIT | Hera · first_market_buy 100 wood |
| 15:10 | Tattletale Strangler · first_building Barracks |
| 15:16 | jelle.neyt · age_up castle |
| 15:22 | WALLUP | debrijja · age_up castle |
| 15:39 | TeKarino · age_up castle |
| 15:58 | Tattletale Strangler · first_building Stable |
| 16:22 | Fuck*n Good · first_building Castle |
| 16:38 | Tattletale Strangler · age_up castle |
| 17:16 | jelle.neyt · first_building Monastery |
| 17:33 | Tattletale Strangler · first_market_sell 100 stone |
| 18:26 | Tattletale Strangler · first_building Siege Workshop |
| 19:32 | VIT | Hera · first_market_sell 100 food |
| 19:40 | Tattletale Strangler · first_market_buy 100 wood |
| 20:21 | ValleyMage · first_building Castle |
| 20:43 | jelle.neyt · first_market_sell 100 wood |
| 21:09 | JJ23 · first_building Barracks |
| 21:21 | Fuck*n Good · first_building Monastery |
| 22:27 | WALLUP | debrijja · first_building Castle |
| 22:30 | ValleyMage · first_building Monastery |
| 22:49 | WALLUP | debrijja · first_building Monastery |
| 23:12 | JJ23 · first_market_sell 100 wood |
| 23:22 | TeKarino · first_building Monastery |
| 23:28 | ValleyMage · first_building Stable |
| 23:33 | WALLUP | debrijja · wall_segment Stone Wall x1 |
| 23:38 | WALLUP | debrijja · wall_segment Stone Wall x1 |
| 23:47 | JJ23 · first_building Monastery |
| 23:52 | WALLUP | debrijja · wall_segment Stone Wall x1 |
| 24:08 | jelle.neyt · first_building Barracks |
| 24:24 | WALLUP | debrijja · wall_segment Stone Wall x1 |
| 24:27 | WALLUP | debrijja · wall_segment Stone Wall x1 |
| 24:29 | WALLUP | debrijja · wall_segment Stone Wall x1 |
| 24:41 | VIT | Hera · first_building Siege Workshop |
| 24:47 | Fuck*n Good · first_market_sell 100 wood |
| 24:50 | Fuck*n Good · first_market_buy 100 food |
| 25:37 | JJ23 · first_building Stable |
| 25:45 | ValleyMage · first_market_sell 100 wood |
| 25:56 | TeKarino · first_market_buy 100 stone |
| 25:57 | WALLUP | debrijja · first_building Siege Workshop |
| 26:04 | TeKarino · first_building Castle |
| 26:45 | VIT | Hera · first_building Barracks |
| 27:00 | jelle.neyt · first_building Siege Workshop |
| 27:13 | Fuck*n Good · first_building Siege Workshop |
| 27:26 | VIT | Hera · first_building Archery Range |
| 27:30 | ValleyMage · first_building Barracks |
| 27:32 | TeKarino · first_building Barracks |
| 27:44 | JJ23 · age_up imperial |
| 28:16 | ValleyMage · age_up imperial |
| 28:22 | TeKarino · age_up imperial |
| 28:29 | Fuck*n Good · age_up imperial |
| 28:29 | VIT | Hera · age_up imperial |
| 28:32 | VIT | Hera · first_building Castle |
| 29:32 | jelle.neyt · age_up imperial |
| 29:36 | TeKarino · first_building Archery Range |
| 29:41 | WALLUP | debrijja · wall_segment Palisade Wall x1 |
| 30:30 | Fuck*n Good · first_building Barracks |
| 30:34 | WALLUP | debrijja · wall_segment Stone Wall x2 |
| 30:50 | WALLUP | debrijja · wall_segment Stone Wall x1 |
| 31:06 | jelle.neyt · first_building Castle |
| 35:16 | Fuck*n Good · first_building Stable |
| 35:39 | Tattletale Strangler · first_building Castle |
| 36:05 | VIT | Hera · first_building Monastery |
| 37:16 | WALLUP | debrijja · wall_segment Stone Wall x1 |
| 37:28 | WALLUP | debrijja · wall_segment Stone Wall x4 |
| 38:29 | jelle.neyt · first_building Stable |
| 38:30 | Tattletale Strangler · first_building Archery Range |
| 39:03 | VIT | Hera · tribute_sent a jugador 1 |
| 39:03 | VIT | Hera · tribute_sent a jugador 3 |
| 39:03 | VIT | Hera · tribute_sent a jugador 4 |
| 39:03 | VIT | Hera · tribute_sent a jugador 5 |
| 39:03 | VIT | Hera · tribute_sent a jugador 6 |
| 39:03 | VIT | Hera · tribute_sent a jugador 7 |
| 39:03 | VIT | Hera · tribute_sent a jugador 8 |
| 39:50 | Tattletale Strangler · age_up imperial |
| 41:05 | WALLUP | debrijja · tribute_sent a jugador 1 |
| 41:05 | WALLUP | debrijja · tribute_sent a jugador 2 |
| 41:05 | WALLUP | debrijja · tribute_sent a jugador 3 |
| 41:05 | WALLUP | debrijja · tribute_sent a jugador 5 |
| 41:05 | WALLUP | debrijja · tribute_sent a jugador 6 |
| 41:05 | WALLUP | debrijja · tribute_sent a jugador 7 |
| 41:05 | WALLUP | debrijja · tribute_sent a jugador 8 |
| 41:06 | VIT | Hera · tribute_sent a jugador 1 |
| 41:06 | VIT | Hera · tribute_sent a jugador 3 |
| 41:06 | VIT | Hera · tribute_sent a jugador 4 |
| 41:06 | VIT | Hera · tribute_sent a jugador 5 |
| 41:06 | VIT | Hera · tribute_sent a jugador 6 |
| 41:06 | VIT | Hera · tribute_sent a jugador 7 |
| 41:06 | VIT | Hera · tribute_sent a jugador 8 |
| 41:08 | TeKarino · first_building Stable |
| 41:33 | WALLUP | debrijja · first_building Barracks |
| 41:36 | WALLUP | debrijja · age_up imperial |
| 42:12 | WALLUP | debrijja · first_building Archery Range |
| 45:18 | ValleyMage · first_market_buy 100 stone |
| 49:02 | VIT | Hera · tribute_sent a jugador 1 |
| 49:02 | VIT | Hera · tribute_sent a jugador 3 |
| 49:02 | VIT | Hera · tribute_sent a jugador 4 |
| 49:02 | VIT | Hera · tribute_sent a jugador 5 |
| 49:02 | VIT | Hera · tribute_sent a jugador 6 |
| 49:02 | VIT | Hera · tribute_sent a jugador 7 |
| 49:02 | VIT | Hera · tribute_sent a jugador 8 |
| 49:59 | Tattletale Strangler · resign |
[ AI ANALYSIS · 1 CREDIT ]
What really happened in this match?
Wolo.gg analyzes every decision: build order, eco, micro, common mistakes by bracket. Personalized analysis on WhatsApp or Discord in 30 seconds.
Civ guide
Jurchens
Perfil
Jugador #199325